Unix NetHack Version 3.7.0-66 Work-in-progress - last build Nov 25 2022 02:21:47 (a67c8fbd212c6e9cfe3af09653023564b5ba1bad,branch:master). Game began 2022-11-28 11:26:53, ended 2022-11-28 14:04:41. wangpang, neutral male human Barbarian ##### ---------------- # ################## ...............| ------ # -------------### |..............| |.....### # |C.........C|# |.....^........| |....| # # |.....C.....|# ........>......| |.....###### ## |...-----...|# -|--.----------- ------ ####### # |...|.{.|...|# # # #################|..C|{.{.C..|# # # ##%# ##|...|.{.|...|# ## # ###)## ##....-----...|## # # # ---------# #|.....C.....|# ---.-.-@------ |......^|# #|C.........C|########.............| |.......-# #-------------# |............| |.......|############)#################.............| --------- -------------- Wangpang the Pillager St:18/03 Dx:16 Co:17 In:7 Wi:8 Ch:6 Neutral Dlvl:5 $:9 HP:0(44) Pw:12(12) AC:9 Xp:4/142 T:2167 Blind Latest messages: It bites! You miss it. It bites! You smite it. It bites! You miss it. It bites! You kill it! You try to feel what is lying here on the ground. You feel here a golden naga hatchling corpse. You attack thin air. You try to feel what is lying here on the ground. You feel here a golden naga hatchling corpse. You try to feel what is lying here on the ground. You feel here a golden naga hatchling corpse. There is a golden naga hatchling corpse here; eat it? [ynq] (n) This golden naga hatchling corpse is stringy. You finish eating the golden naga hatchling corpse. You hear a jackal howling at the moon. Wait! There's something there you can't see! It bites! You miss it. It bites! You miss it. It bites! You miss it. It bites! You miss it. It bites! You miss it. It bites! You miss it. It bites! You kill it! You try to feel what is lying here on the ground. You feel here a homunculus corpse. You try to feel what is lying here on the ground. You feel here a homunculus corpse. There is a homunculus corpse here; eat it? [ynq] (n) Ecch - that must have been poisonous! You seem unaffected by the poison. You finish eating the homunculus corpse. You are carrying too much to get through. It hits! You die... Do you want your possessions identified? [ynq] (y) Do you want to see your attributes? [ynq] (y) Do you want an account of creatures vanquished? [ynaq] (y) Do you want to see your conduct and achievements? [ynq] (y) Do you want to see the dungeon overview? [ynq] (y) Inventory: Coins $ - 9 gold pieces Weapons b - an uncursed very rusty +0 axe (alternate weapon; not wielded) a - an uncursed very rusty +0 two-handed sword (weapon in hands) Armor h - a blessed rusty +0 orcish helm (being worn) r - an uncursed +0 orcish helm c - an uncursed very rusty +0 ring mail (being worn) Comestibles q - 2 uncursed food rations m - 2 uncursed lembas wafers Scrolls n - a blessed scroll of create monster s - a cursed scroll of identify Spellbooks k - an uncursed spellbook of healing g - an uncursed spellbook of identify Wands e - an uncursed wand of speed monster (0:4) Gems/Stones l - an uncursed jade stone Wangpang the Barbarian's attributes: Background: You were a Pillager, a level 4 male human Barbarian. You were neutral, on a mission for Crom who was opposed by Mitra (lawful) and Set (chaotic). You were in the Dungeons of Doom, on level 5. You entered the dungeon 2167 turns ago. You had 142 experience points, 18 more were needed to attain level 5. Basics: You had 0 out of 44 hit points. You had all 12 energy points (spell power). Your armor class was 9. Your wallet contained 9 zorkmids. Autopickup was on for '$?!/="+*' plus thrown, with exceptions. Final Characteristics: Your strength was 18/03 (limit:18/100). Your dexterity was 16 (limit:18). Your constitution was 17 (limit:18). Your intelligence was 7 (limit:18). Your wisdom was 8 (limit:18). Your charisma was 6 (limit:18). Final Status: You were temporarily blind. You were not hungry. You were unencumbered. You were wielding a two-handed sword. You had basic skill with two-handed sword. Final Attributes: You were piously aligned. You were poison resistant. You were warded. You are dead. Miscellaneous: You never encountered a bones level. Total elapsed playing time was 22 minutes and 20 seconds. Major events: Turn 1: wangpang the neutral male human Barbarian entered the dungeon 1589: attained the rank of Pillager (level 3) 2167: killed by a rothe Vanquished creatures: a rock piercer a golden naga hatchling a guardian naga hatchling 3 little dogs a homunculus a rabid rat a giant bat a wererat a werejackal an iguana 3 coyotes 2 manes 4 giant rats a gnome zombie 2 jackals a kobold 2 goblins 3 sewer rats 3 grid bugs 3 lichens 4 newts 40 creatures vanquished. No species were genocided or became extinct. Voluntary challenges: You read items or engraved 4 times. You never engraved Elbereth. You never genocided any monsters. You never polymorphed an object. You never changed form. You used no wishes. Achievement: You attained the rank of Pillager. The Dungeons of Doom: levels 1 to 5 Level 1: Level 2: Level 3: A fountain. Level 5: <- You were here. Many fountains. Final resting place for you, killed by a rothe. Game over: ---------- / \ / REST \ / IN \ / PEACE \ / \ | wangpang | | 9 Au | | killed by a | | rothe | | | | | | 2022 | *| * * * | * _________)/\\_//(\/(/\)/\//\/|_)_______ Goodbye wangpang the Barbarian... You died in The Dungeons of Doom on dungeon level 5 with 797 points, and 9 pieces of gold, after 2167 moves. You were level 4 with a maximum of 44 hit points when you died.